 Dungeon Crawl Stone Soup version 0.25-a0-663-gace7076f2c (webtiles) character file.

Game seed: 8719044764817589886, levelgen mode: deterministic

325086 obri the Slayer (level 21, -11/171 HPs)
             Began as an Octopode Chaos Knight on Mar 25, 2020.
             Was the Champion of Nemelex Xobeh.
             Killed from afar by a battlesphere (22 damage)
             ... created by a tengu reaver
             ... on level 2 of the Depths.
             The game lasted 01:43:52 (66642 turns).

obri the Slayer (Octopode Chaos Knight)            Turns: 66642, Time: 01:43:53

Health: -11/171    AC:  5    Str: 13    XL:     21   Next: 61%
Magic:  34/34      EV: 31    Int: 21    God:    Nemelex Xobeh [******]
Gold:   362        SH: 20    Dex: 17    Spells: 13/38 levels left

rFire    + . .     SeeInvis .   Q - +5 demon trident (elec)
rCold    + . .     Gourm    .   M - +5 kite shield
rNeg     . . .     Faith    .   (helmet restricted)
rPois    +         Spirit   .   Z - +3 amulet of reflection
rElec    +         Reflect  +   y - ring of protection from fire
rCorr    .         Harm     .   n - ring of protection from magic
MR       +++..                  q - ring "Ratuedum" {+Fly rPois rC+ Int+2}
Stlth    ++++......             s - +3 ring of evasion
HPRegen  0.38/turn              k - +4 ring of protection
MPRegen  0.24/turn              K - +4 ring of evasion
                                v - ring of protection from magic
                                Y - +6 ring of slaying

@: studying Fighting, drained
A: almost no armour, stealthy swim, amphibious, 8 rings, constrict 8, antennae
1, repulsion field 2, camouflage 2, agile 1, blink, poison resistance,
electricity resistance, gelatinous body 1
}: 2/15 runes: serpentine, barnacled
a: Blink, Draw Escape, Draw Destruction, Draw Summoning, Triple Draw, Deal Four,
Stack Five, Renounce Religion, Evoke Flight


You were on level 2 of the Depths.
You worshipped Nemelex Xobeh.
Nemelex Xobeh was exalted by your worship.
You were very full.

You visited 8 branches of the dungeon, and saw 37 of its levels.
You visited 1 bazaar.
You also visited: Volcano and Wizlab.

You collected 3785 gold pieces.
You spent 3423 gold pieces at shops.

Inventory:

Hand Weapons
 p - a +6 broad axe of electrocution
 Q - a +5 demon trident of electrocution (weapon)
Missiles
 u - 12 curare-tipped darts (quivered)
 B - 13 throwing nets {!f}
Armour
 M - a +5 kite shield (worn)
Magical Staves
 F - an uncursed staff of wizardry
Jewellery
 a - an uncursed ring of see invisible
 j - an uncursed amulet of rage {unknown}
 k - a +4 ring of protection (on tentacle)
 n - a ring of protection from magic (right tentacle)
 q - the ring "Ratuedum" (on tentacle) {+Fly rPois rC+ Int+2}
   (You bought it in a shop on level 2 of the Orcish Mines)

   [ring of flight]

   It affects your intelligence (+2).
   It protects you from cold.
   It protects you from poison.
   It lets you fly.
 s - a +3 ring of evasion (on tentacle)
 v - a ring of protection from magic (on tentacle)
 w - the ring of Kattafay {rN+ MR+ MP+9 Int-3}
   (You found it on level 1 of the Shoals)

   [ring of magical power]

   It affects your intelligence (-3).
   It protects you from negative energy.
   It affects your resistance to hostile enchantments.
   It affects your magic capacity (+9).
 y - a ring of protection from fire (left tentacle)
 z - an uncursed ring of protection from magic
 K - a +4 ring of evasion (on tentacle)
 L - an uncursed ring of resist corrosion
 R - the amulet "Qauliwan" {rPois Regen+}
   (You took it off a deep elf sorcerer on level 3 of the Elven Halls)

   [amulet of regeneration]

   It protects you from poison.
   It increases your rate of regeneration.
 Y - a +6 ring of slaying (on tentacle)
 Z - a +3 amulet of reflection (around mantle)
Wands
 c - a wand of paralysis (33)
 e - a wand of disintegration (32)
 o - a wand of acid (22)
 C - a wand of enslavement (20)
 N - a wand of digging (10)
 O - a wand of iceblast (29)
 P - a wand of clouds (10)
Scrolls
 l - 6 scrolls of blinking
 m - 8 scrolls of fog
 D - 9 scrolls of magic mapping
 E - 9 scrolls of teleportation {@r3}
 H - 15 scrolls of remove curse {@r2}
 J - 2 scrolls of summoning
 S - 4 scrolls of fear
 W - 18 scrolls of identify {@r1}
Potions
 d - 4 potions of magic
 f - 2 potions of might
 g - 3 potions of resistance
 h - 5 potions of brilliance
 i - 11 potions of haste
 r - 9 potions of curing {@q1}
 t - 2 potions of ambrosia
 x - 2 potions of lignification
 G - 4 potions of heal wounds
 I - 6 potions of mutation
 V - 3 potions of cancellation
Books
 A - a manual of Fighting
Miscellaneous
 U - a phial of floods
Comestibles
 b - 32 rations


   Skills:
 + Level 22.3(21.0) Fighting
 - Level 11.3(12.3) Axes
 - Level 12.3(12.9) Polearms
 + Level 12.7(11.6) Dodging
 + Level 11.8(10.8) Shields
 * Level 9.3(8.3) Spellcasting
 - Level 6.0(5.1) Hexes
 * Level 5.0(4.1) Charms
 - Level 3.0(2.1) Necromancy
 - Level 3.0(2.1) Translocations
 - Level 7.0(6.0) Air Magic
 + Level 12.3(11.3) Invocations
 - Level 5.0(4.1) Evocations


You had 13 spell levels left.
You knew the following spells:

 Your Spells              Type           Power        Failure   Level  Hunger
a - Animate Skeleton      Necr           N/A          5%          1    None
b - Summon Lightning Spi  Summ/Air       ###.....     36%         4    ###....
c - Silence               Hex/Air        ####......   34%         5    #####..
d - Deflect Missiles      Chrm/Air       ####......   94%         6    ######.
e - Passwall              Tmut/Erth      #.......     19%         2    None
f - Animate Dead          Necr           N/A          45%         4    ###....
g - Summon Butterflies    Summ           #.......     13%         1    None
h - Blink                 Tloc           N/A          8%          2    None

Your spell library contained the following spells:

 Spells                   Type           Power        Failure   Level  Hunger
 Corona                   Hex            ####...      1%          1    None
 Slow                     Hex            ####....     2%          2    None
 Swiftness                Chrm/Air       ####....     2%          2    None
 Shock                    Conj/Air       ###.         3%          1    None
 Song of Slaying          Chrm           ####....     3%          2    None
 Confusing Touch          Hex            ####....     4%          3    None
 Tukima's Dance           Hex            ####....     4%          3    None
 Pain                     Necr           ###.         5%          1    None
 Poisonous Vapours        Pois/Air       ###...       5%          2    None
 Ensorcelled Hibernation  Hex/Ice        ###...       7%          2    None
 Portal Projectile        Hex/Tloc       ###...       9%          3    None
 Static Discharge         Conj/Air       ###.....     11%         3    None
 Airstrike                Air            ####......   11%         4    ###....
 Beastly Appendage        Tmut           #.....       13%         1    None
 Magic Dart               Conj           #...         13%         1    None
 Sandblast                Erth           #.....       13%         1    None
 Sting                    Tmut/Pois      #...         13%         1    None
 Summon Small Mammal      Summ           #...         13%         1    None
 Dazzling Flash           Conj/Hex       ###...       14%         3    None
 Inner Flame              Hex/Fire       ###.....     14%         3    None
 Gell's Gravitas          Tloc           ###.......   16%         3    None
 Vampiric Draining        Necr           ###.......   16%         3    None
 Cause Fear               Hex            ####......   16%         4    ###....
 Mephitic Cloud           Conj/Pois/Air  ###.....     17%         3    None
 Call Imp                 Summ           #.......     19%         2    None
 Searing Ray              Conj           #.....       19%         2    None
 Sticks to Snakes         Tmut           #.......     19%         2    None
 Recall                   Summ/Tloc      N/A          24%         3    None
 Conjure Flame            Conj/Fire      #.......     36%         3    None
 Ignite Poison            Fire/Tmut/Pois #.......     36%         3    None
 Spider Form              Tmut/Pois      #.........   36%         3    None
 Stone Arrow              Conj/Erth      #.....       36%         3    None
 Fulminant Prism          Conj/Hex       ###.......   41%         4    ###....
 Leda's Liquefaction      Hex/Erth       ###.......   41%         4    ###....
 Iskenderun's Mystic Bla  Conj/Tloc      ##......     63%         4    ###....
 Lightning Bolt           Conj/Air       ###.......   71%         5    #####..
 Ice Form                 Ice/Tmut       #.......     77%         4    ###....
 Olgreb's Toxic Radiance  Pois           #.......     77%         4    ###....
 Petrify                  Tmut/Erth      #.......     77%         4    ###....
 Sticky Flame             Conj/Fire      #.......     77%         4    ###....
 Metabolic Englaciation   Hex/Ice        ###.......   77%         5    #####..
 Yara's Violent Unravell  Hex/Tmut       ###.......   77%         5    #####..
 Agony                    Necr           ###.....     82%         5    #####..
 Iskenderun's Battlesphe  Conj/Chrm      ###.....     83%         5    #####..
 Borgnjor's Vile Clutch   Necr/Erth      ##........   92%         5    #####..
 Blade Hands              Tmut           #.........   98%         5    #####..
 Bolt of Magma            Conj/Fire/Erth #.........   98%         5    #####..
 Lee's Rapid Deconstruct  Erth           #.........   98%         5    #####..
 Summon Demon             Summ           #.........   98%         5    #####..
 Conjure Ball Lightning   Conj/Air       ###.......   99%         6    ######.
 Death Channel            Necr           ###.......   100%        6    ######.
 Freezing Cloud           Conj/Ice/Air   ###.......   100%        6    ######.
 Iron Shot                Conj/Erth      #.........   100%        6    ######.
 Ozocubu's Refrigeration  Ice            #.........   100%        6    ######.
 Simulacrum               Ice/Necr       ##........   100%        6    ######.
 Malign Gateway           Summ/Tloc      ##........   100%        7    #######
 Orb of Destruction       Conj           #.........   100%        7    #######
 Spellforged Servitor     Conj/Summ      #.........   100%        7    #######
 Chain Lightning          Conj/Air       ###.......   100%        8    #######
 Lehudib's Crystal Spear  Conj/Erth      #.........   100%        8    #######
 Fire Storm               Conj/Fire      #.........   100%        9    #######
 Glaciate                 Conj/Ice       #.........   100%        9    #######
 Tornado                  Air            ####......   100%        9    #######


Dungeon Overview and Level Annotations

Branches:
Dungeon (15/15)            Temple (0/1) D:7            Lair (6/6) D:9
 Shoals (4/4) Lair:4        Snake (4/4) Lair:2        Slime (0/5) Lair:5
    Orc (2/2) D:12            Elf (3/3) Orc:2        Vaults (0/5) D:14
 Depths (2/5) D:15           Hell (visited)         Volcano (visited)
 WizLab (visited)
    Dis: Hell:1         Geh: Hell:1         Coc: Hell:1         Tar: Hell:1

Altars:
Ashenzari
Dithmenos
Elyvilon
Fedhas
Hepliaklqana
Kikubaaqudgha
Nemelex Xobeh
Okawaru
Qazlal
Sif Muna
Trog
Vehumet
Wu Jian
Xom
The Shining One

Shops:
D:5 [   D:9 ?   D:10 %=%:*   D:14 (   Orc:1 (   Orc:2 (*!(%[===   Shoals:1 }
Shoals:4 :   Snake:3 }}=

Portals:
Hell: Depths:1 Depths:2

Annotations:
Lair:6 2 transporters, petercordia5's ghost, journeyman DsFE
Elf:2 3 runed translucent doors
Hell Geryon


Innate Abilities, Weirdness & Mutations

You cannot wear most types of armour.
You are very stealthy in the water. (Stealth+)
You are amphibious.
You can wear up to eight rings at the same time.
You can use your tentacles to constrict eight enemies at once.
Your skin blends seamlessly with your surroundings (Stealth++).
Your rubbery body absorbs attacks. (AC +1, EV +1)
You have a pair of small antennae on your head.
You are surrounded by a moderate repulsion field. (EV +3)
You are agile. (Dex +2)
You can translocate small distances at will.
Your system is resistant to poisons. (rPois)
You are resistant to electric shocks. (rElec)


Message History

Your centaur warrior is drained!
Your centaur warrior dies!
Your centaur warrior's corpse disappears in a puff of smoke!
The deep elf high priest calls down the wrath of its god upon you.
The sphere of damnation explodes!
The damnation engulfs you!!
You hear a shout!
Found 29 gold pieces.
A bolt of negative energy appears from out of thin air!
The bolt of negative energy hits you!
You feel drained.
The deep elf high priest utters a dark prayer and points at you.
Your life force is offered up.
* * * LOW HITPOINT WARNING * * *
The golden dragon is healed.
The deep elf high priest is healed.
The tengu reaver gestures at you while chanting.
The bolt of poison hits you!! You resist.
* * * LOW HITPOINT WARNING * * *
The battlesphere fires!
The barrage of energy hits you!!
You die...
Xom snickers!
Your body glows with a rainbow of weird colours and disappears.

.....## #..##....###..%..##.##*
...#..## #..###....##....^.#..##
...#...####..# ##....#......*%$.#
.........##..# #..........De)(..
.....8.......# #.#....######..##
.#.......#...# #.##e...## *...#
.#.......##..####..§§....#* *....
.##..∩..##.........D.#....#**....
..#######.......@..Q§##....#*....
#..# ###..(....>*.#*#....#....
*..# #...................,,, *..#
#.....{....##.......***
*,.#******#..........#*,###..,,**
,,,,,,,,,............#*,* **,,,,*
,,,,,,,,,.............,,* **,,,,
*,,******##..###.......,* **,,,
*,,* #..* #.......$* **,,


You could see a golden dragon, a tengu reaver, a deep elf high priest and a
battlesphere.

Vanquished Creatures
  2 juggernauts
  An ancient lich (WizLab)
  A lich (Depths:1)
  Jorgrun (D:15)
  3 deep elf blademasters (Elf:3)
  A kraken (Shoals:1)
  4 deep elf master archers (Elf:3)
  Polyphemus (Shoals:4)
  An ancient champion (WizLab)
  10 nagarajas (Snake:4)
  Ilsuiw (Shoals:2)
  2 fire giants (Depths:1)
  6 deep elf sorcerers (Elf:3)
  A frost giant (Depths:1)
  5 deep elf elementalists (Elf:3)
  Aizul (Shoals:3)
  4 stone giants (Depths:1)
  Nessos (D:13)
  8 deep elf demonologists
  10 deep elf annihilators
  11 merfolk javelineers
  Snorg (D:13)
  2 ettins
  Josephine (D:15)
  2 fire dragons (Depths:1)
  5 deep elf high priests
  2 deep elf death magi (Elf:3)
  13 merfolk impalers
  A great orb of eyes (Lair:2)
  2 rakshasas
  2 ice dragons (Depths:1)
  Fannar (D:11)
  4 vault guards (D:14)
  25 naga warriors
  Erica (D:10)
  3 merfolk avatars
  11 anacondas
  An ogre mage (Volcano)
  7 merfolk aquamancers
  11 dancing weapons
  5 satyrs
  A centaur warrior (D:13)
  A deep troll earth mage (Depths:1)
  6 hydras
  8 two-headed ogres
  10 death yaks
  A deep troll shaman (Depths:1)
  2 vampire magi
  Urug (D:13)
  A tengu warrior (Depths:1)
  16 naga sharpshooters
  Nergalle (Lair:2)
  2 orc high priests (Orc:2)
  7 shock serpents
  Sonja (D:13)
  10 deep elf knights
  3 salamander mystics
  9 skeletal warriors
  5 hell knights
  9 sea snakes
  A flayed ghost (Depths:2)
  An unseen horror (D:10)
  10 deep elf archers
  A spriggan druid (Depths:1)
  5 naga ritualists
  9 deep trolls (Depths:1)
  18 harpies
  A necromancer (D:15)
  4 lindwurms (Lair:6)
  6 orc sorcerers
  4 mana vipers
  36 deep elf magi
  2 oklob plants
  7 ugly things (D:15)
  12 manticores
  9 fauns
  6 salamanders
  3 cyclopes
  14 elephants
  Joseph (D:9)
  A frost giant skeleton (D:15)
  10 merfolk sirens
  5 water nymphs
  7 guardian serpents
  10 naga magi
  38 black mambas
  Maggie (D:10)
  A torpor snail (Lair:5)
  A gargoyle (D:13)
  3 komodo dragons
  11 spiny frogs
  5 rime drakes
  A kobold demonologist (D:12)
  A yaktaur (Depths:1)
  A rime drake (shapeshifter) (D:14)
  A tengu conjurer (Depths:1)
  27 merfolk
  5 meliai
  A queen bee (Lair:1)
  5 trolls
  4 wind drakes
  4 hornets
  5 blink frogs (Lair:4)
  A hornet (shapeshifter) (Elf:1)
  8 polar bears
  17 slime creatures
  10 hippogriffs
  5 snapping turtles
  6 dream sheep
  An ice dragon zombie (D:15)
  An air elemental (Elf:2)
  An elf zombie (D:15)
  Sigmund (D:3)
  A spriggan skeleton (D:15)
  13 water elementals
  12 spriggans
  2 shadows
  9 wyverns
  4 vampires (WizLab)
  25 yaks
  6 fire bats (Volcano)
  6 basilisks
  3 fire elementals
  8 wraiths
  2 hungry ghosts
  2 steam dragons
  3 vampire mosquitoes
  A warg (Orc:2)
  50 nagas
  4 two-headed ogre zombies (WizLab)
  A soldier ant (shapeshifter) (D:9)
  7 porcupines
  A soldier ant (D:10)
  19 water moccasins
  22 orc warriors
  3 ice beasts
  5 sky beasts
  8 black bears
  A hornet zombie (D:10)
  3 necrophages
  2 phantoms
  12 boggarts
  2 eyes of draining
  24 wolves
  10 ogres
  5 centaurs
  12 crocodiles
  4 big kobolds
  17 bullfrogs
  2 wyvern zombies
  2 gnoll sergeants
  An elf skeleton (D:14)
  A water moccasin skeleton (D:5)
  2 scorpions (D:5)
  28 killer bees
  6 troll zombies
  7 electric eels
  18 wights
  2 howler monkeys
  7 crimson imps
  6 centaur zombies
  7 hounds
  7 lava snakes (Volcano)
  A bullfrog zombie (D:7)
  2 human zombies (D:14)
  8 jellies
  26 orc priests
  34 orc wizards
  3 bullfrog skeletons
  3 centaur skeletons
  2 human skeletons (D:14)
  Ijyb (D:3)
  4 iguanas
  6 hell rats (Lair:3)
  8 worker ants
  8 ogre zombies (WizLab)
  A hound skeleton (D:4)
  A hound zombie (D:10)
  3 mummies (D:14)
  A howler monkey zombie (D:5)
  A worker ant zombie (D:8)
  14 gnolls
  A river rat (D:12)
  15 adders
  5 shadow imps
  An ooze (D:2)
  2 adder skeletons
  3 worms (D:3)
  6 dart slugs
  8 leopard geckos
  58 orcs
  2 ball pythons
  7 bats
  5 giant cockroaches
  9 goblins
  8 hobgoblins
  3 jackals (D:2)
  25 kobolds
  6 quokkas
  6 frilled lizards
  2 leopard gecko skeletons
  A quokka zombie (D:8)
  9 rats
  A bush (D:5)
  2 fungi
  4 plants
  5 tentacles (Shoals:1)
1344 creatures vanquished.

Vanquished Creatures (collateral kills)
  A hellephant (Depths:1)
  3 nagarajas (Snake:4)
  A deep elf death mage (Elf:3)
  A naga warrior (Snake:4)
  3 two-headed ogres
  A death knight (D:13)
  An alligator snapping turtle (Shoals:3)
  An anaconda (Snake:2)
  A catoblepas (Shoals:4)
  2 death yaks (Lair:2)
  A naga sharpshooter (Snake:4)
  A deep elf knight (Elf:1)
  4 sea snakes
  A naga ritualist (Snake:4)
  A lindwurm (Lair:5)
  2 deep elf magi (Elf:1)
  A mana viper (D:8)
  A cyclops (D:13)
  2 ugly things (D:15)
  A manticore (Shoals:3)
  An elephant (Lair:3)
  3 black mambas
  A komodo dragon (D:12)
  4 merfolk
  A hornet (Lair:6)
  3 slime creatures (D:12)
  A snapping turtle (Shoals:3)
  2 water elementals
  A basilisk (Lair:2)
  2 nagas (Snake:4)
  8 water moccasins
  A porcupine (Lair:2)
  An ice beast (D:8)
  4 wolves (Lair:5)
  4 crocodiles
  4 killer bees (Lair:1)
  A bullfrog zombie (D:12)
  A jelly (D:12)
  A bullfrog skeleton (D:11)
  An orc wizard (D:12)
  A howler monkey skeleton (D:10)
  3 adders
  An orc (D:11)
  A ball python (Snake:2)
  A fungus (Lair:3)
  5 plants (Shoals:3)
87 creatures vanquished.

Vanquished Creatures (others)
  A jiangshi (Depths:2)
  A satyr (Shoals:4)
  3 naga sharpshooters (Snake:4)
  A deep elf knight (Elf:1)
  A sea snake (Shoals:4)
  A deep elf archer (Elf:2)
  2 merfolk
  A naga (Snake:4)
  A killer bee (D:13)
  A bullfrog skeleton (D:13)
  An ooze (D:1)
  2 ball lightnings
  7 blocks of ice (Shoals:3)
  38 fungi
  21 plants
  11 tentacles (Shoals:1)
  A withered plant (D:15)
94 creatures vanquished.

Grand Total: 1525 creatures vanquished

Notes
Turn   | Place    | Note
-------+----------+-------------------------------------------
     0 | D:1      | obri the Octopode Chaos Knight began the quest for the Orb.
     0 | D:1      | Reached XP level 1. HP: 16/16 MP: 1/1
    50 | D:1      | Reached XP level 2. HP: 20/21 MP: 2/2
    82 | D:1      | XOM: potion effect (haste)
   102 | D:1      | XOM: potion effect (stabbing)
   103 | D:1      | XOM: potion effect (invisibility)
   133 | D:1      | Reached XP level 3. HP: 16/27 MP: 3/3
   156 | D:1      | Reached skill level 4 in Fighting
   322 | D:1      | XOM: harmless Fire miscast
   455 | D:1      | XOM: harmless Pois miscast
   540 | D:1      | XOM: give mutations
   540 | D:1      | Gained mutation: Your system is resistant to poisons.
                  | (rPois) [Xom's grace]
   540 | D:1      | Gained mutation: Your skin blends seamlessly with your
                  | surroundings (Stealth++). [Xom's grace]
   540 | D:1      | Gained mutation: One of your tentacles bears a spike.
                  | [Xom's grace]
   838 | D:2      | Reached XP level 4. HP: 28/34 MP: 4/4
  1066 | D:2      | Found a bloodstained altar of Trog.
  1067 | D:2      | Found a stormy altar of Qazlal.
  1070 | D:2      | Found a glowing golden altar of the Shining One.
  1790 | D:3      | Reached XP level 5. HP: 38/38 MP: 1/5
  1815 | D:3      | Noticed a sky beast
  1933 | D:3      | Noticed Sigmund
  2001 | D:2      | XOM: give mutation
  2001 | D:2      | Gained mutation: You are surrounded by a mild repulsion
                  | field. (EV +2) [Xom's grace]
  2038 | D:3      | XOM: fog
  2041 | D:3      | Killed Sigmund
  2041 | D:3      | Reached skill level 5 in Fighting
  2041 | D:3      | Reached XP level 6. HP: 40/46 MP: 4/6
  2161 | D:3      | Reached skill level 6 in Fighting
  2245 | D:3      | XOM: 4-stop teleportation journey
  2253 | D:3      | XOM: scenery: create altars
  2382 | D:3      | Noticed a water moccasin
  2382 | D:3      | a worm changed into a water moccasin
  2384 | D:3      | Killed a water moccasin
  2384 | D:3      | Reached XP level 7. HP: 53/53 MP: 7/7
  2497 | D:3      | Reached skill level 7 in Fighting
  2497 | D:3      | Reached skill level 5 in Dodging
  2608 | D:3      | XOM: mild Tmut miscast
  2798 | D:3      | Found a white marble altar of Elyvilon.
  2909 | D:3      | XOM: give mutations
  2909 | D:3      | Gained mutation: You evolve. [Xom's grace]
  2909 | D:3      | Gained mutation: One of your tentacles bears a nasty spike.
                  | [Xom's grace]
  2909 | D:3      | Gained mutation: You are resistant to electric shocks.
                  | (rElec) [Xom's grace]
  3000 | D:3      | Found a sparkling altar of Nemelex Xobeh.
  3092 | D:3      | Fell from the grace of Xom
  3092 | D:3      | Became a worshipper of Nemelex Xobeh the Trickster
  3189 | D:3      | Noticed Ijyb
  3205 | D:3      | Gained mutation: You are agile. (Dex +2) [evolution]
  3208 | D:3      | Killed Ijyb
  3283 | D:3      | XOM: noise
  3543 | D:4      | Reached skill level 1 in Invocations
  3624 | D:4      | Found a stormy altar of Qazlal.
  3673 | D:4      | Found an ornate altar of the Wu Jian Council.
  3827 | D:4      | Received a gift from Nemelex Xobeh
  3854 | D:4      | Reached XP level 8. HP: 60/60 MP: 7/9
  4583 | D:5      | Entered Level 5 of the Dungeon
  4647 | D:5      | Reached * piety under Nemelex Xobeh
  4697 | D:5      | Reached skill level 5 in Polearms
  5126 | D:5      | Reached skill level 8 in Fighting
  5349 | D:5      | XOM: give mutations
  5349 | D:5      | Gained mutation: You are frail. (-10% HP) [Xom's mischief]
  5349 | D:5      | Lost mutation: You are frail. (-10% HP) [Xom's mischief]
  5349 | D:5      | Lost mutation: One of your tentacles bears a nasty spike.
                  | [Xom's mischief]
  5485 | D:5      | Found Fuymaus's Armour Shop.
  5493 | D:5      | Reached XP level 9. HP: 67/67 MP: 12/12
  5720 | D:5      | Reached skill level 9 in Fighting
  5792 | D:5      | Received a gift from Nemelex Xobeh
  6005 | D:5      | Lost mutation: One of your tentacles bears a spike.
                  | [evolution]
  6202 | D:5      | Reached skill level 5 in Invocations
  6365 | D:6      | XOM: give mutation
  6365 | D:6      | Gained mutation: Your body sometimes deteriorates upon
                  | taking damage. [Xom's mischief]
  6467 | D:6      | Reached ** piety under Nemelex Xobeh
  6481 | D:6      | Found a hazy altar of Hepliaklqana.
  6787 | D:6      | Reached skill level 10 in Fighting
  7024 | D:7      | XOM: noise
  7178 | D:7      | XOM: medium Erth miscast
  7193 | D:7      | Received a gift from Nemelex Xobeh
  7215 | D:7      | XOM: medium Necr miscast
  7403 | D:7      | XOM: noise
  7406 | D:7      | Learned a level 1 spell: Animate Skeleton
  7410 | D:7      | Reached skill level 1 in Necromancy
  7459 | D:7      | Reached skill level 1 in Spellcasting
  7459 | D:7      | Reached XP level 10. HP: 58/77 MP: 9/14
  7507 | D:7      | Reached skill level 11 in Fighting
  7753 | D:7      | XOM: medium Necr miscast
  7832 | D:7      | XOM: 4-stop teleportation journey
  7852 | D:7      | Found a staircase to the Ecumenical Temple.
  7998 | D:7      | Gained mutation: You are surrounded by a moderate repulsion
                  | field. (EV +3) [evolution]
  8391 | D:7      | Received a gift from Nemelex Xobeh
  8488 | D:8      | Found a shattered altar of Ashenzari.
  8488 | D:8      | Noticed a two-headed ogre
  8502 | D:8      | Killed a two-headed ogre
  9050 | D:8      | Noticed a two-headed ogre
  9151 | D:8      | Received a gift from Nemelex Xobeh
  9151 | D:8      | Reached *** piety under Nemelex Xobeh
  9229 | D:8      | XOM: medium Tloc miscast
  9436 | D:8      | Noticed Harold
  9437 | D:8      | Noticed Harold
  9437 | D:8      | Harold changed into Harold the mana viper
  9441 | D:8      | Killed Harold the mana viper
  9441 | D:8      | Reached skill level 1 in Shields
  9499 | D:8      | XOM: medium Necr miscast
  9524 | D:7      | Killed a two-headed ogre
  9524 | D:7      | Reached skill level 1 in Evocations
 10208 | D:9      | Reached skill level 1 in Axes
 10243 | D:9      | Noticed Joseph
 10249 | D:9      | Killed Joseph
 10249 | D:9      | Reached XP level 11. HP: 46/84 MP: 9/16
 10693 | D:9      | XOM: cloud trail
 11047 | D:9      | XOM: noise
 11106 | D:9      | Found a staircase to the Lair.
 11201 | D:9      | XOM: mild Erth miscast
 11332 | D:9      | Found Masos's Magic Scroll Boutique.
 11337 | D:9      | Bought a scroll of teleportation for 45 gold pieces
 11337 | D:9      | Bought a scroll of teleportation for 45 gold pieces
 11337 | D:9      | Bought a scroll of immolation for 52 gold pieces
 11337 | D:9      | Bought a scroll of blinking for 112 gold pieces
 11337 | D:9      | Bought a scroll of teleportation for 45 gold pieces
 11337 | D:9      | Bought a scroll of enchant armour for 112 gold pieces
 11828 | D:9      | XOM: scenery: 4 doors close
 11829 | D:10     | Entered Level 10 of the Dungeon
 11840 | D:10     | Found Koip's Food Shop.
 11841 | D:10     | Received a gift from Nemelex Xobeh
 11852 | D:10     | XOM: summons 2 friendly demons
 11905 | D:10     | Found Tiumecatt's Food Emporium.
 11912 | D:10     | Noticed Maggie
 11918 | D:10     | XOM: noise
 11926 | D:10     | Killed Maggie
 12106 | D:10     | Noticed a two-headed ogre
 12116 | D:10     | Killed a two-headed ogre
 12116 | D:10     | Reached skill level 12 in Fighting
 12299 | D:10     | XOM: 2-stop teleportation journey
 12365 | D:10     | Noticed Erica
 12368 | D:10     | Killed Erica
 12445 | D:10     | Found Hion's Assorted Antiques.
 12452 | D:10     | Bought a scroll labeled WIZ VUGGOEFIS for 29 gold pieces
 12452 | D:10     | Bought a fizzy inky potion for 26 gold pieces
 12501 | D:10     | Found Lirienoh's Jewellery Boutique.
 12506 | D:10     | Reached skill level 5 in Axes
 12783 | D:10     | Found Ceraoh's Book Boutique.
 12803 | D:10     | XOM: noise
 12806 | D:10     | Killed an unseen horror
 12816 | D:10     | XOM: noise
 12816 | D:10     | Was forgiven by Xom
 13201 | D:11     | Noticed Fannar
 13296 | D:11     | Killed Fannar
 13356 | D:11     | Noticed a two-headed ogre
 13371 | D:11     | Killed a two-headed ogre
 13371 | D:11     | Reached skill level 5 in Evocations
 13441 | D:11     | Lost mutation: Your body sometimes deteriorates upon taking
                  | damage. [evolution]
 13469 | D:11     | Reached skill level 5 in Shields
 13469 | D:11     | Reached XP level 12. HP: 75/90 MP: 16/18
 13825 | D:11     | Received a gift from Nemelex Xobeh
 14077 | D:12     | Reached **** piety under Nemelex Xobeh
 14659 | D:12     | Noticed a five-headed hydra
 15135 | D:12     | Killed a five-headed hydra
 15312 | D:12     | Found a staircase to the Orcish Mines.
 15467 | D:12     | Received a gift from Nemelex Xobeh
 15616 | D:10     | Bought a glowing ivory wand for 116 gold pieces
 15722 | Lair:1   | Entered Level 1 of the Lair of Beasts
 15728 | Lair:1   | Learned a level 4 spell: Summon Lightning Spire
 15734 | Lair:1   | Learned a level 5 spell: Silence
 15741 | Lair:1   | Learned a level 6 spell: Deflect Missiles
 16348 | Lair:1   | Received a gift from Nemelex Xobeh
 17385 | Lair:2   | Noticed a seven-headed hydra
 17389 | Lair:2   | Noticed a great orb of eyes
 17389 | Lair:2   | a seven-headed hydra changed into a great orb of eyes
 17397 | Lair:2   | Killed a great orb of eyes
 17473 | Lair:2   | Found a staircase to the Snake Pit.
 17836 | Lair:2   | Reached ***** piety under Nemelex Xobeh
 17970 | Lair:2   | Reached skill level 10 in Axes
 17970 | Lair:2   | Reached XP level 13. HP: 89/96 MP: 19/19
 18172 | Lair:2   | Received a gift from Nemelex Xobeh
 18381 | Lair:2   | Reached skill level 5 in Spellcasting
 18924 | Lair:2   | Found a glowing golden altar of the Shining One.
 18974 | Lair:2   | Gained mutation: You passively map a small area around you.
                  | [evolution]
 19065 | Lair:2   | Noticed Nergalle
 19078 | Lair:2   | Killed Nergalle
 19573 | Lair:3   | Received a gift from Nemelex Xobeh
 20715 | Lair:3   | Learned a level 2 spell: Passwall
 20747 | Lair:4   | Received a gift from Nemelex Xobeh
 20782 | Lair:4   | Found a dark tunnel.
 20796 | Volcano  | Entered a volcano
 20861 | Volcano  | Reached skill level 1 in Air Magic
 20868 | Volcano  | Reached skill level 1 in Hexes
 21356 | Volcano  | Found a radiant altar of Vehumet.
 21492 | Volcano  | Found a burning altar of Makhleb.
 21852 | Lair:4   | Received a gift from Nemelex Xobeh
 22306 | Lair:4   | Found a staircase to the Shoals.
 22317 | Lair:4   | Reached XP level 14. HP: 86/103 MP: 19/23
 22559 | Lair:5   | Received a gift from Nemelex Xobeh
 23359 | Lair:5   | Found a staircase to the Slime Pits.
 23580 | Lair:5   | Gained mutation: You can translocate small distances at
                  | will. [evolution]
 23808 | Lair:5   | Learned a level 4 spell: Animate Dead
 23810 | Lair:6   | Entered Level 6 of the Lair of Beasts
 23887 | Lair:6   | Reached skill level 5 in Hexes
 23899 | Lair:6   | Noticed petercordia5's ghost (journeyman DsFE)
 23926 | Lair:6   | Reached skill level 5 in Air Magic
 24010 | Lair:6   | Identified the Handbook of Blistering Boosts
 24214 | Lair:6   | Received a gift from Nemelex Xobeh
 25512 | Lair:6   | Received a gift from Nemelex Xobeh
 25532 | Lair:6   | Found a transporter.
 25536 | Lair:6   | Found a transporter.
 27155 | D:13     | Received a gift from Nemelex Xobeh
 27164 | D:13     | Reached XP level 15. HP: 89/109 MP: 19/24
 27491 | D:13     | Noticed Snorg
 27588 | D:13     | Noticed Nessos
 27592 | D:13     | Killed Nessos
 27992 | D:13     | Killed Snorg
 28053 | D:13     | Reached ****** piety under Nemelex Xobeh
 28373 | D:13     | Found a blossoming altar of Fedhas.
 28435 | D:13     | Noticed Sonja
 28438 | D:13     | Killed Sonja
 28655 | D:13     | Noticed Urug
 28665 | D:13     | Killed Urug
 28786 | D:13     | Received a gift from Nemelex Xobeh
 28975 | D:14     | Reached skill level 13 in Fighting
 29447 | D:14     | Found a shadowy altar of Dithmenos.
 29712 | D:14     | Found a gate to the Vaults.
 30082 | D:14     | Received a gift from Nemelex Xobeh
 30128 | D:14     | Found Utoi's Antique Weapon Shoppe.
 30209 | D:14     | Reached skill level 10 in Shields
 30534 | D:14     | Found an ancient bone altar of Kikubaaqudgha.
 30796 | D:15     | Entered Level 15 of the Dungeon
 30796 | D:15     | Received a gift from Nemelex Xobeh
 31191 | D:14     | HP: 4/111 [vampire mage (9)]
 31726 | D:15     | Gained mutation: You have a pair of small antennae on your
                  | head. [evolution]
 31776 | D:15     | Noticed Jorgrun
 31808 | D:15     | Killed Jorgrun
 31886 | D:15     | Noticed Josephine
 32235 | D:15     | Reached skill level 14 in Fighting
 32416 | D:15     | Found a staircase to the Depths.
 32453 | D:15     | Received a gift from Nemelex Xobeh
 32696 | D:15     | Killed Josephine
 32709 | D:15     | Reached XP level 16. HP: 51/119 MP: 13/27
 33372 | D:10     | Bought a scroll of identify for 58 gold pieces
 33372 | D:10     | Bought a runed ivory ring for 145 gold pieces
 33412 | D:10     | Bought an uncursed ring of protection from magic for 375
                  | gold pieces
 33498 | Orc:1    | Entered Level 1 of the Orcish Mines
 33542 | Orc:1    | Found a radiant altar of Vehumet.
 33786 | Orc:1    | Received a gift from Nemelex Xobeh
 34141 | Orc:1    | Found Qataeg's Antique Weapon Boutique.
 34408 | Orc:2    | Entered Level 2 of the Orcish Mines
 34413 | Orc:2    | Found Kurph's Jewellery Shoppe.
 34487 | Orc:2    | Bought a +4 ring of evasion for 540 gold pieces
 34508 | Orc:2    | Found a staircase to the Elven Halls.
 34614 | Orc:2    | Received a gift from Nemelex Xobeh
 35022 | Orc:2    | Found Fuuluan's Jewellery Emporium.
 35029 | Orc:2    | Received a gift from Nemelex Xobeh
 35031 | Orc:2    | Bought a cursed ring of attention for 58 gold pieces
 35975 | Orc:2    | Found Alabilli's Weapon Boutique.
 36049 | Orc:2    | Found Nuabu's Jewellery Shop.
 36069 | Orc:2    | Found Ynisu's Distillery.
 36076 | Orc:2    | Bought 2 potions of heal wounds for 140 gold pieces
 36076 | Orc:2    | Bought a potion of heal wounds for 70 gold pieces
 36128 | Orc:2    | Found Witubbax's Antique Weapon Shoppe.
 36312 | Orc:2    | Found Vuucleos's Assorted Antiques.
 36312 | Orc:2    | Found Adirajep's Food Emporium.
 36366 | Orc:2    | Found Kamaorgh's Armour Emporium.
 36371 | Orc:2    | Bought a sedimented puce potion for 32 gold pieces
 36539 | Elf:1    | Entered Level 1 of the Elven Halls
 36549 | Elf:1    | Reached skill level 15 in Fighting
 36607 | Elf:1    | Received a gift from Nemelex Xobeh
 37159 | Elf:1    | Identified the Grimoire of Companions
 37604 | Elf:1    | Received a gift from Nemelex Xobeh
 38084 | Elf:1    | Reached skill level 16 in Fighting
 38156 | Elf:1    | Noticed an Ice Fiend
 39302 | Elf:2    | Found a shimmering blue altar of Sif Muna.
 39371 | Elf:2    | Received a gift from Nemelex Xobeh
 39450 | Elf:2    | Reached XP level 17. HP: 97/131 MP: 29/29
 39455 | Elf:2    | Reached skill level 17 in Fighting
 39701 | Elf:2    | Found a runed translucent gate.
 39702 | Elf:2    | Found a runed translucent gate.
 39703 | Elf:2    | Found a runed translucent gate.
 40233 | Elf:2    | Learned a level 1 spell: Summon Butterflies
 40236 | Elf:2    | Learned a level 2 spell: Blink
 40237 | Elf:3    | Entered Level 3 of the Elven Halls
 40401 | Elf:3    | Reached skill level 1 in Translocations
 40661 | Elf:3    | Noticed a deep elf blademaster
 40673 | Elf:3    | Killed a deep elf blademaster
 41191 | Elf:3    | Identified the +6 scythe "Imeh Xic" {vorpal, rElec rN+
                  | Str-3 Int+2}
 41655 | Elf:3    | Reached skill level 18 in Fighting
 42304 | Elf:3    | Noticed a deep elf master archer
 42803 | Elf:3    | Noticed a deep elf master archer
 42807 | Elf:3    | Killed a deep elf master archer
 42807 | Elf:3    | Killed a deep elf master archer
 43079 | Elf:3    | Identified the amulet "Qauliwan" {rPois Regen+}
 43095 | Elf:3    | Noticed a deep elf master archer
 43102 | Elf:3    | Killed a deep elf master archer
 43386 | Elf:3    | Reached skill level 19 in Fighting
 44090 | Elf:3    | Reached XP level 18. HP: 144/144 MP: 30/30
 44327 | Elf:3    | Identified the +6 scale mail "Athusoad" {+Inv rC++}
 44327 | Elf:3    | Noticed a deep elf master archer
 44710 | Elf:3    | Noticed a deep elf blademaster
 44715 | Elf:3    | Killed a deep elf master archer
 44719 | Elf:3    | Killed a deep elf blademaster
 44941 | Elf:3    | Noticed a deep elf blademaster
 44950 | Elf:3    | Killed a deep elf blademaster
 45058 | Elf:3    | Found the +0 pair of fencer's gloves {Riposte Dex+3}
 45292 | Elf:3    | Got an ebony longbow
 46028 | Orc:2    | Bought the ring "Ratuedum" {+Fly rPois rC+ Int+2} for 518
                  | gold pieces
 46044 | Orc:2    | Bought an uncursed ring of see invisible for 225 gold
                  | pieces
 46080 | Orc:2    | Bought a black potion for 32 gold pieces
 46080 | Orc:2    | Bought a potion of heal wounds for 180 gold pieces
 46288 | Snake:1  | Entered Level 1 of the Snake Pit
 46344 | Snake:1  | Found a flickering gateway to a bazaar.
 46378 | Bazaar   | Entered a bazaar
 46473 | Bazaar   | Found Peckipen's General Store.
 46474 | Bazaar   | Received a gift from Nemelex Xobeh
 46481 | Bazaar   | Found Zig Guul's Antique Weapon Shoppe.
 46492 | Bazaar   | Found Isiosadd's Jewellery Boutique.
 46507 | Bazaar   | Found Qipux's Distillery.
 46515 | Bazaar   | Found Neatanoi's Antique Armour Emporium.
 46609 | Snake:1  | Reached skill level 10 in Polearms
 47502 | Snake:1  | Received a gift from Nemelex Xobeh
 47599 | Snake:1  | Found a shimmering blue altar of Sif Muna.
 47668 | Snake:2  | Reached skill level 20 in Fighting
 48170 | Snake:2  | Received a gift from Nemelex Xobeh
 48556 | Snake:3  | Found an iron altar of Okawaru.
 48617 | Snake:3  | Received a gift from Nemelex Xobeh
 49357 | Snake:3  | Lost mutation: You passively map a small area around you.
                  | [evolution]
 49729 | Snake:3  | Received a gift from Nemelex Xobeh
 49814 | Snake:3  | Found Naessext's Jewellery Shoppe.
 49814 | Snake:3  | Found Enidog's Gadget Boutique.
 49816 | Snake:3  | Found Sicygek's Gadget Boutique.
 49860 | Snake:3  | Got a warped sapphire amulet
 49992 | Snake:4  | Entered Level 4 of the Snake Pit
 50106 | Snake:4  | Reached skill level 10 in Dodging
 50839 | Snake:4  | Identified the amulet "Cirgheit" {Inacc Int+2 Dex+2} (You
                  | found it on level 3 of the Snake Pit)
 51368 | Snake:4  | Reached XP level 19. HP: 152/152 MP: 31/31
 51660 | Snake:4  | Found a shimmering altar of Xom.
 51925 | Snake:4  | Received a gift from Nemelex Xobeh
 53123 | Snake:4  | Lost mutation: You evolve. [evolution]
 53463 | Snake:4  | Reached skill level 21 in Fighting
 55046 | Snake:4  | Got a serpentine rune of Zot
 55323 | Shoals:1 | Entered Level 1 of the Shoals
 56315 | Shoals:1 | Received a gift from Nemelex Xobeh
 56371 | Shoals:1 | Got a fine marble ring
 56527 | Shoals:1 | Found Myenion's Gadget Emporium.
 56676 | Shoals:1 | Identified the ring of Kattafay {rN+ MR+ MP+9 Int-3} (You
                  | found it on level 1 of the Shoals)
 56717 | Shoals:2 | Noticed Ilsuiw
 56721 | Shoals:2 | Killed Ilsuiw
 56721 | Shoals:2 | Reached XP level 20. HP: 135/162 MP: 32/32
 57573 | Shoals:2 | Received a gift from Nemelex Xobeh
 57955 | Shoals:2 | Received a gift from Nemelex Xobeh
 58556 | Shoals:3 | Noticed Aizul
 58557 | Shoals:3 | Identified the +2 trident of Exoneration {venom, Fragile
                  | rN+ Stlth+}
 58565 | Shoals:3 | Killed Aizul
 58922 | Shoals:3 | Received a gift from Nemelex Xobeh
 59100 | Shoals:3 | Noticed Bai Suzhen
 59108 | Shoals:3 | Noticed Bai Suzhen
 59108 | Shoals:3 | Bai Suzhen changed into Bai Suzhen the juggernaut
 59128 | Shoals:3 | Killed Bai Suzhen the juggernaut
 59128 | Shoals:3 | Reached skill level 10 in Invocations
 59616 | Shoals:4 | Entered Level 4 of the Shoals
 60376 | Shoals:4 | Noticed Polyphemus
 60396 | Shoals:4 | Killed Polyphemus
 60698 | Shoals:4 | Reached skill level 22 in Fighting
 60740 | Shoals:4 | Found Daim's Book Shop.
 61617 | Shoals:4 | Got a barnacled rune of Zot
 62729 | Shoals:4 | Received a gift from Nemelex Xobeh
 62946 | Shoals:4 | Identified the Disquisition on Lucky Earth
 63401 | Orc:2    | Bought a +4 ring of protection for 468 gold pieces
 63490 | Depths:1 | Entered Level 1 of the Depths
 63560 | Depths:1 | Reached skill level 1 in Charms
 63924 | Depths:1 | Reached XP level 21. HP: 159/170 MP: 33/33
 64354 | Depths:1 | Found a gateway to Hell.
 64512 | Depths:1 | Noticed Mara
 64601 | Depths:1 | Noticed obri's illusion
 64601 | Depths:1 | Noticed Mara
 64601 | Depths:1 | Mara changed into Mara the hellephant
 64601 | Depths:1 | obri's illusion changed into obri the titan
 64811 | Depths:1 | Killed Mara the hellephant
 65820 | Hell     | Entered the Vestibule of Hell
 65820 | Hell     | Noticed Geryon
 65883 | Depths:2 | Found a magical portal.
 66377 | WizLab   | Noticed an antique lich
 66390 | WizLab   | Killed an antique lich
 66393 | WizLab   | Found the +9 sword of Zonguldrok {reap}
 66510 | WizLab   | Identified the Volume of the Unstoppable Lovers
 66581 | Depths:2 | Received a gift from Nemelex Xobeh
 66611 | Depths:2 | Noticed a golden dragon
 66614 | Depths:2 | Noticed a juggernaut
 66635 | Depths:2 | Killed a juggernaut
 66635 | Depths:2 | Reached skill level 5 in Charms
 66642 | Depths:2 | Killed from afar by a battlesphere

Levels and vault maps discovered:
D:1:      eino_arrival_cavern_e, layout_rooms, minmay_tromino_mix6
D:2:      layout_basic, minitemple, hangedman_abyss_or_decor_lesser_grid
D:3:      layout_loops_ring, marbit_many_paths,
          nemelex_xobeh_ov_fountains_minmay, uniq_sigmund, uniq_ijyb
D:4:      layout_basic, kennysheep_mini, first_ration,
          nicolae_qazlal_eye_of_the_storm
D:5:      layout_layer_cave, serial_shops, nicolae_shop_statue_plus,
          lexackson_kobold_supper
D:6:      layout_rooms, basic_altar
D:7:      layout_rooms, minmay_temple_entry_proselytizer, the_bakery
D:8:      layout_basic, lemuel_crystal_altar, uniq_harold
D:9:      layout_roguey, erik_lair_dragon, serial_shops, nicolae_shop_crystal,
          uniq_joseph
D:10:     layout_basic, serial_shops, shop, kennysheep_mini_moat,
          shop_fountains, shop, shop, uniq_maggie, uniq_erica
D:11:     layout_basic, serial_glass, glass_columns_a, glass_columns_c,
          uniq_fannar
D:12:     layout_cave_pools, orc_0_dummy
D:13:     layout_cave_pools, basic_altar, uniq_sonja, uniq_nessos, uniq_snorg,
          uniq_urug
D:14:     layout_loops_ring, lightli_vaults_fourway_checkpoint, special_room
          [special_room_mythical_zoo], grunt_dithmenos_smoke, serial_shops,
          nicolae_shop_competitors_out_of_business, minmay_misc_feat_nine_boxes,
          lemuel_mausoleum_altar_kikubaaqudgha
D:15:     gammafunk_depths_entry_grave, layout_long_grid, nicolae_two_hexagons,
          minmay_diced_spiral, uniq_josephine, uniq_jorgrun
Lair:1:   layout_long_grid, special_room [special_room_bee], grunt_megastairs_3
Lair:2:   layout_regular_city, minmay_snake_entry_six_corridors, basic_altar,
          chequers_serial_rivers_micro_d, infiniplex_staircase_pool,
          uniq_nergalle
Lair:3:   layout_roguey, grunt_megastairs_2
Lair:4:   layout_loops_ring, minmay_shoals_entry_hut,
          nicolae_volcano_entry_lava_flow
Lair:5:   layout_misc_corridors, minmay_slime_entry_pillars, lemuel_fruit_tree
Lair:6:   minmay_lair_end_enchanted_forest, layout_regular_city,
          gammafunk_ghost_hive, minmay_lindwurm_lava
Shoals:1: layout_shoals, serial_shops, shop, nicolae_shoals_flooded_hall
Shoals:2: layout_shoals, uniq_ilsuiw
Shoals:3: layout_shoals, uniq_bai_suzhen, uniq_aizul
Shoals:4: shoals_end_hangedman, layout_shoals, serial_shops, shop,
          nicolae_shoals_mertower, uniq_polyphemus
Snake:1:  layout_gridlike, serial_shops, bzr_entry_islet, basic_altar
Snake:2:  layout_onion, grunt_ministairs_6, nicolae_snake_springs
Snake:3:  layout_cave_pods, lemuel_oklob_altar, minmay_shop_grove
Snake:4:  grunt_snake_rune_spirals, layout_onion, basic_altar,
          serial_bayou_pond_e
Orc:1:    layout_diamond_mine, serial_shops, shop, basic_altar
Orc:2:    st_orc_mages, layout_caves, serial_shops, shop, nicolae_shop_crystal,
          nicolae_shop_stone, nicolae_shop_crystal, shop, mines3_lemuel
Elf:1:    elf_arrival_002, layout_geoelf_octagon, serial_glass, glass_columns_b,
          glass_columns_a, glass_columns_a, glass_columns_c,
          minmay_elf_demonology, chequers_big_river, nicolae_elf_stone_circles,
          dk_noncrumbling_2
Elf:2:    layout_geoelf_diagonals, basic_altar
Elf:3:    minmay_elf_hall_furrowed, layout_geoelf_diagonals
Depths:1: layout_cave_pools, hell_entry, minmay_misc_feat_hallway,
          kilobyte_rumbling_trees, uniq_mara
Depths:2: minmay_outward_triangles, layout_small_grid, enter_ziggurat_e,
          infiniplex_enter_wizlab_spiral, special_room
          [special_room_mythical_zoo], grunt_metal_band,
          ebering_ghost_reflecting_pool, hangedman_decor_diamond_cutter,
          serial_shops, shop, infiniplex_staircase_pillars_1
Hell

Skill      XL: |  1  2  3  4  5  6  7  8  9 10 11 12 13 14 15 16 17 18 19 20 21 |
---------------+----------------------------------------------------------------+-----
Fighting       | 4 5 6 7 8 10 11 12 14 16 19 20 21 22 | 22.3
Dodging        | 3 4 5 6 7 8 9 10 11 12 | 12.7
Invocations    | 1 4 6 7 8 11 12 | 12.3
Polearms       | 4 5 6 8 9 12 | 12.3
Necromancy     | 2 3 |  3.0
Spellcasting   | 1 3 4 6 7 8 9 |  9.3
Shields        | 2 5 7 8 9 10 11 | 11.8
Evocations     | 2 5 |  5.0
Axes           | 1 6 10 11 | 11.3
Air Magic      | 3 6 7 |  7.0
Hexes          | 3 6 |  6.0
Translocations | 3 |  3.0
Charms         | 1 5 |  5.0

Action                   |  1- 3 |  4- 6 |  7- 9 | 10-12 | 13-15 | 16-18 | 19-21 || total
-------------------------+-------+-------+-------+-------+-------+-------+-------++-------
Melee: Spear             |    67 |    96 |    18 |       |       |       |       ||   181
       Constrict         |     8 |    24 |    58 |    79 |   141 |   178 |   121 ||   609
       Tentacles         |     5 |    13 |    81 |   137 |   347 |   254 |   264 ||  1101
       Kick              |     2 |    23 |    72 |       |       |       |       ||    97
       Trident           |       |       |   212 |   321 |       |       |       ||   533
       Dagger            |       |       |   153 |    70 |       |       |       ||   223
       War axe           |       |       |       |   203 |   244 |       |       ||   447
       Demon trident     |       |       |       |       |  1148 |  1215 |  1460 ||  3823
Throw: Dart              |       |       |       |     1 |       |       |     1 ||     2
 Cast: Animate Skeleton  |       |       |       |    20 |    36 |       |     7 ||    63
       Silence           |       |       |       |       |     1 |     6 |     1 ||     8
       Animate Dead      |       |       |       |       |       |     1 |       ||     1
       Blink             |       |       |       |       |       |       |     2 ||     2
Invok: Draw Summoning    |       |       |       |     7 |     7 |    11 |    12 ||    37
       Draw Destruction  |       |       |       |    26 |    40 |    21 |    36 ||   123
       Triple Draw       |       |       |       |     1 |       |       |       ||     1
       Draw Escape       |       |       |       |       |     1 |       |       ||     1
Evoke: Wand              |       |       |       |    11 |    16 |       |    11 ||    38
       Phial of floods   |       |       |       |       |       |       |     2 ||     2
  Use: Scroll            |       |     5 |     1 |    19 |    19 |    14 |     6 ||    64
       Potion            |       |       |       |       |     6 |     2 |     3 ||    11
 Stab: Sleeping          |    13 |    13 |    18 |    15 |    20 |    23 |     8 ||   110
       Invisible         |     2 |       |       |       |       |       |       ||     2
       Distracted        |     1 |       |       |     4 |     7 |     6 |    14 ||    32
       Petrifying        |       |     1 |       |       |       |       |     1 ||     2
       Paralysed         |       |     1 |       |       |       |       |       ||     1
       Petrified         |       |       |       |     1 |       |       |       ||     1
  Eat: Chunk             |       |     5 |    12 |    24 |    33 |    30 |     5 ||   109
       Ration            |       |       |     1 |     3 |     5 |     9 |    15 ||    33
Armor: Skin              |       |     6 |     5 |     6 |    41 |     6 |    10 ||    74
Dodge: Dodged            |    21 |    26 |   234 |   322 |   604 |   447 |   580 ||  2234
Block: Kite shield       |       |       |       |   277 |   745 |   542 |   758 ||  2322
       Reflection        |       |       |       |       |       |    22 |   100 ||   122

Table legend:
 A = Non-vault XP
 B = Vault XP
 C = Vault XP percentage of total XP
 D = Non-vault monster count
 E = Vault monster count
 F = Vault count percentage of total count
                 A         B        C        D         E       F
            +---------+---------+-------+---------+---------+-------
      Total |  295141 |  260074 |  46.8 |     932 |     493 |  34.6
            +---------+---------+-------+---------+---------+-------
        D:1 |      53 |       6 |  10.2 |      24 |       4 |  14.3
        D:2 |     103 |       0 |   0.0 |      25 |       0 |   0.0
        D:3 |     538 |     260 |  32.6 |      39 |       3 |   7.1
        D:4 |     430 |       0 |   0.0 |      15 |       0 |   0.0
        D:5 |    1380 |     110 |   7.4 |      30 |       8 |  21.1
        D:6 |     909 |       0 |   0.0 |      19 |       0 |   0.0
        D:7 |    2528 |     261 |   9.4 |      23 |       2 |   8.0
        D:8 |    1701 |     524 |  23.6 |      33 |       1 |   2.9
        D:9 |    1692 |    1955 |  53.6 |      24 |      10 |  29.4
       D:10 |    2384 |    1333 |  35.9 |      13 |       2 |  13.3
       D:11 |    2564 |    1002 |  28.1 |      26 |       1 |   3.7
       D:12 |    5971 |       0 |   0.0 |      34 |       0 |   0.0
       D:13 |    7080 |    4141 |  36.9 |      28 |       4 |  12.5
       D:14 |    3954 |   11056 |  73.7 |      14 |      40 |  74.1
       D:15 |    8910 |    9483 |  51.6 |      22 |      17 |  43.6
     Lair:1 |    1523 |    2015 |  57.0 |       7 |      26 |  78.8
     Lair:2 |    7561 |    2276 |  23.1 |      22 |      16 |  42.1
     Lair:3 |    5756 |     163 |   2.8 |      21 |       1 |   4.5
     Lair:4 |    5631 |     253 |   4.3 |      22 |       1 |   4.3
     Lair:5 |   10151 |     356 |   3.4 |      38 |       3 |   7.3
     Lair:6 |    8051 |   10960 |  57.7 |      28 |      52 |  65.0
   Shoals:1 |   10736 |    4617 |  30.1 |      19 |       8 |  29.6
   Shoals:2 |   10455 |    5215 |  33.3 |      24 |       6 |  20.0
   Shoals:3 |   14780 |    6614 |  30.9 |      30 |       2 |   6.2
   Shoals:4 |   15053 |   35279 |  70.1 |      28 |      46 |  62.2
    Snake:1 |   12236 |       0 |   0.0 |      24 |       0 |   0.0
    Snake:2 |    6650 |    6826 |  50.7 |      12 |      24 |  66.7
    Snake:3 |   12796 |     542 |   4.1 |      23 |       1 |   4.2
    Snake:4 |   25068 |   61447 |  71.0 |      45 |      87 |  65.9
      Orc:1 |    2857 |       0 |   0.0 |      32 |       0 |   0.0
      Orc:2 |    2976 |    5497 |  64.9 |      26 |      45 |  63.4
      Elf:1 |   25355 |    7107 |  21.9 |      40 |      11 |  21.6
      Elf:2 |   15269 |     886 |   5.5 |      21 |       1 |   4.5
      Elf:3 |   10210 |   55486 |  84.5 |      15 |      35 |  70.0
   Depths:1 |   37634 |    3717 |   9.0 |      54 |       5 |   8.5
   Depths:2 |    2580 |    9005 |  77.7 |       3 |       6 |  66.7
    Volcano |       0 |    6492 | 100.0 |       0 |      20 | 100.0
     WizLab |   11616 |    5190 |  30.9 |      29 |       5 |  14.7
            +---------+---------+-------+---------+---------+-------
